 Dungeon Crawl Stone Soup version 0.28.0-47-ge53b351184 (webtiles) character file.

Game seed: 6024438951877874814

13951 firemarshallily the Carver (level 11, -8/87 HPs)
             Began as a Demonspawn Gladiator on Apr 30, 2022.
             Was a High Priest of Qazlal.
             Mangled by a very large slime creature (42 damage)
             ... on level 11 of the Dungeon.
             The game lasted 00:49:31 (10121 turns).

firemarshallily the Carver (Demonspawn Gladiator)  Turns: 10121, Time: 00:49:31

Health: -8/87      AC: 20    Str: 19    XL:     11   Next: 82%
Magic:  0/21       EV: 13    Int:  9    God:    Qazlal [*****.]
Gold:   754        SH:  6    Dex: 21    Spells: 11/12 levels left

rFire   + . .      SeeInvis .   s - +5 double sword (freeze)
rCold   + . .      Faith    .   (no shield)
rNeg    . . .      Spirit   +   a - +0 steam dragon scales
rPois   .          Reflect  .   c - +0 helmet
rElec   .          Harm     .   (no cloak)
rCorr   .          Rampage  .   e - +0 pair of gloves
Will    .....                   Q - +1 pair of boots "Ciat" {rC+}
Stlth   +.........              p - amulet of regeneration
HPRegen 1.04/turn               k - ring of magical power
MPRegen 0.34/turn               o - +6 ring of dexterity

@: protected from physical damage, slowed, repel missiles, very slow
A: hooves 2, molten scales 3, magic shield, magic regeneration, bedeviling
a: Renounce Religion, Upheaval, Elemental Force, Disaster Area


You were on level 11 of the Dungeon.
You worshipped Qazlal.
Qazlal was extremely pleased with you.
You visited 2 branches of the dungeon, and saw 13 of its levels.

You collected 1456 gold pieces.
You spent 702 gold pieces at shops.

Inventory:

Hand Weapons
 s - a +5 double sword of freezing (weapon)
Missiles
 f - 21 poisoned darts (quivered)
 i - 472 stones
 w - 6 boomerangs
 E - 3 boomerangs of dispersal
 I - 2 silver javelins
 N - 4 atropa-tipped darts
Armour
 a - +0 steam dragon scales (worn)
 c - a +0 helmet (worn)
 e - a +0 pair of gloves (worn)
 h - a +2 kite shield
 l - a +0 scale mail
 x - a +0 plate armour
 B - a +0 chain mail of willpower
 Q - the +1 pair of boots "Ciat" (worn) {rC+}
   (You found it on level 11 of the Dungeon)

   rC:        It protects you from cold.
Jewellery
 k - a ring of magical power (left hand)
 o - a +6 ring of dexterity (right hand)
 p - an amulet of regeneration (around neck)
 H - a ring of willpower
Wands
 b - a wand of charming (6)
 y - a wand of flame (24)
 M - a wand of iceblast (11)
 P - a wand of mindburst (6)
Scrolls
 g - 4 scrolls of teleportation
 j - 2 scrolls of silence {unknown}
 n - a scroll of brand weapon {unknown}
 q - a scroll of fear {unknown}
 v - 2 scrolls of blinking {unknown}
 A - 2 scrolls of immolation
 L - a scroll of fog {unknown}
 O - 2 scrolls of magic mapping
 R - a scroll of enchant weapon {unknown}
Potions
 d - a potion of cancellation
 r - 2 potions of mutation
 t - 3 potions of curing
 u - 2 potions of flight {unknown}
 z - a potion of lignification
 C - a potion of heal wounds
 D - 2 potions of brilliance
 F - a potion of resistance {unknown}
 J - a potion of haste {unknown}
Miscellaneous
 K - a box of beasts


   Skills:
 + Level 8.9 Fighting
 * Level 11.4 Long Blades
 - Level 2.0 Throwing
 * Level 11.0 Armour
 - Level 3.0 Dodging
 - Level 1.1 Spellcasting
 - Level 2.0 Necromancy


You had 11 spell levels left.
You knew the following spells:

 Your Spells              Type           Power      Damage    Failure   Level
a - Animate Skeleton      Necr           8%         N/A       16%         1

Your spell library contained the following spells:

 Spells                   Type           Power      Damage    Failure   Level
 Pain                     Necr           16%        1d4       16%         1
 Sandblast                Erth           0%         2d4       36%         1
 Vampiric Draining        Necr           4%         2d6       43%         3
 Passwall                 Tmut/Erth      0%         N/A       50%         2
 Ozocubu's Armour         Ice            0%         N/A       73%         3
 Stone Arrow              Conj/Erth      0%         3d7       73%         3
 Summon Lightning Spire   Summ/Air       0%         N/A       98%         4
 Dispersal                Tloc           0%         N/A       100%        6
 Ozocubu's Refrigeration  Ice            0%         4d5       100%        7
 Storm Form               Tmut/Air       0%         N/A       100%        7
 Disjunction              Tloc           0%         N/A       100%        8
 Maxwell's Capacitive Co  Air            0%         ∞         100%        8


Dungeon Overview and Level Annotations

Branches:
Dungeon (12/15)            Temple (1/1) D:4            Lair (0/6) D:11
    Orc (0/2) D:9

Altars:
Ashenzari
Cheibriados
Elyvilon
Fedhas
Gozag
Hepliaklqana
Kikubaaqudgha
Makhleb
Nemelex Xobeh
Okawaru
Qazlal
Ru
Sif Muna
Uskayaw
Vehumet
Wu Jian
Yredelemnul
Zin
The Shining One
Beogh

Shops:
D:4 (   D:5 *   D:10 [

Annotations:
D:6 3 runed translucent doors, 5 exclusions, Malificent's ghost, novice DsWr
D:12 Snorg


Innate Abilities, Weirdness & Mutations

You have hoof-like feet.
You are completely covered in molten scales. (AC +4, rF+)
When hurt, damage is shared between your health and your magic reserves.
You regenerate magic rapidly.
Your hexes are more powerful.


Message History

You slice the very large slime creature!!
You freeze the very large slime creature!
The very large slime creature is moderately wounded.
The very large slime creature hits you!
You feel more protected from physical attacks.
The wraith misses you. You block the wraith's attack.
The very large slime creature hits you!!
You hit the very large slime creature.
You freeze the very large slime creature.
The very large slime creature is moderately wounded.
You block the wraith's attack. The wraith hits you!
The very large slime creature hits you but does no damage.
You block the wraith's attack. x2
You slice the very large slime creature!!
You freeze the very large slime creature.
The very large slime creature is heavily wounded.
You block the very large slime creature's attack.
You block the wraith's attack. The wraith hits you but does no damage.
The very large slime creature misses you.
You slice the very large slime creature!!
You freeze the very large slime creature!
The very large slime creature is severely wounded.
The wraith barely misses you. You block the wraith's attack.
The very large slime creature hits you!!!
* * * LOW HITPOINT WARNING * * *
You feel much better. The wraith hits you. The wraith barely misses you.
The very large slime creature hits you but does no damage.
The wraith hits you but does no damage. You block the wraith's attack.
You slice the very large slime creature!!
You freeze the very large slime creature.
The very large slime creature is almost dead.
The very large slime creature hits you!!
The wraith hits you but does no damage. The wraith closely misses you.
The very large slime creature misses you.
You hit the very large slime creature.
You freeze the very large slime creature.
The very large slime creature is almost dead.
The wraith hits you but does no damage. The wraith hits you.
The very large slime creature hits you!!!
You die...

###### #.........#
#....# #.........#
#....# ###.........#
#....# #.'.........#
#....###.#.........#
.........######'####
#....##### #.##
##.### #JW# ##..##
##@# .....# #W#
.....### ######J##
.....'.####.......#
.....#....'..<....#
.....######.......#
.....# #.......#
.....# #.......#
.....# #.......#


You could see a very large slime creature, a slime creature and 2 wraiths.

Vanquished Creatures
  A two-headed ogre (D:11)
  Joseph (D:8)
  An unseen horror (D:11)
  4 trolls (D:11)
  A hornet (D:7)
  5 slime creatures (D:11)
  A water elemental (D:11)
  21 yaks
  4 fire bats (D:10)
  3 wyverns
  2 vampires
  6 vampire mosquitoes
  A steam dragon (D:4)
  Edmund (D:4)
  4 water moccasins
  A hell hound (D:10)
  9 orc warriors
  A sky beast (D:7)
  An ogre (D:6)
  3 necrophages
  2 wolves (D:11)
  8 centaurs
  A phantom (D:4)
  3 bullfrogs
  2 kobold brigands
  3 scorpions
  A wyvern skeleton (D:6)
  A water moccasin skeleton (D:6)
  3 killer bees (D:9)
  3 wights (D:6)
  3 jellies
  A howler monkey (D:6)
  6 electric eels (D:11)
  2 lava snakes (D:10)
  A centaur zombie (D:6)
  A bullfrog skeleton (D:5)
  4 hounds
  7 orc priests
  3 gnoll shamans
  Terence (D:3)
  3 iguanas
  Natasha (thrice) (D:3)
  11 orc wizards
  A scorpion zombie (D:5)
  A killer bee zombie (D:7)
  2 hound skeletons
  2 howler monkey zombies
  7 gnolls
  6 adders
  A shadow imp (D:8)
  A white imp (D:8)
  An adder skeleton (D:4)
  A dart slug (D:3)
  53 orcs
  8 bats
  10 endoplasms
  2 giant cockroaches
  9 goblins
  5 hobgoblins
  10 jackals
  4 quokkas
  5 ball pythons
  6 frilled lizards
  15 kobolds
  A quokka skeleton (D:4)
  3 rats
  A fire vortex (D:10)
299 creatures vanquished.

Vanquished Creatures (collateral kills)
  A vampire (D:9)
  3 gnolls (D:5)
4 creatures vanquished.

Vanquished Creatures (others)
  2 fire vortices (D:10)
  4 fungi (D:2)
6 creatures vanquished.

Grand Total: 309 creatures vanquished

Notes
Turn   | Place    | Note
-------+----------+-------------------------------------------
     0 | D:1      | firemarshallily the Demonspawn Gladiator began the quest
                  | for the Orb.
     0 | D:1      | Reached XP level 1. HP: 16/16 MP: 1/1
   138 | D:1      | Gained mutation: You have large cloven feet. [demonic
                  | ancestry]
   138 | D:1      | Reached XP level 2. HP: 22/22 MP: 2/2
   782 | D:2      | Reached XP level 3. HP: 20/28 MP: 3/3
   813 | D:2      | Found a faded altar of an unknown god.
   936 | D:2      | Prayed at the altar of an unknown god.
   936 | D:2      | Became a worshipper of Ru the Awakened
   949 | D:2      | Fell from the grace of Ru
  1012 | D:2      | Reached skill level 1 in Armour
  1158 | D:2      | Learned a level 1 spell: Animate Skeleton
  1620 | D:2      | Identified a scroll of acquirement
  1621 | D:2      | Acquired 981 gold pieces
  1669 | D:3      | Gained mutation: You are partially covered in molten
                  | scales. (AC +2) [demonic ancestry]
  1669 | D:3      | Reached XP level 4. HP: 27/34 MP: 4/4
  1826 | D:3      | Found a broken altar of Ashenzari.
  1931 | D:3      | Reached skill level 1 in Necromancy
  2111 | D:3      | Noticed a necrophage
  2134 | D:3      | Killed a necrophage
  2135 | D:3      | Gained mutation: You regenerate magic rapidly. [demonic
                  | ancestry]
  2135 | D:3      | Reached XP level 5. HP: 22/41 MP: 5/5
  2139 | D:3      | Noticed Terence
  2159 | D:3      | Killed Terence
  2636 | D:3      | Noticed Natasha
  2647 | D:3      | Killed Natasha
  2898 | D:3      | Noticed Natasha
  2914 | D:3      | Killed Natasha
  2915 | D:3      | Gained mutation: You have hoof-like feet. [demonic
                  | ancestry]
  2915 | D:3      | Reached XP level 6. HP: 46/47 MP: 6/6
  3053 | D:3      | Noticed Natasha
  3059 | D:3      | Killed Natasha
  3199 | D:4      | Reached skill level 1 in Spellcasting
  3272 | D:4      | Found Elorent's Weapon Boutique.
  3287 | D:4      | Bought a +5 double sword of freezing for 702 gold pieces
  3353 | D:4      | Found a staircase to the Ecumenical Temple.
  3391 | D:4      | Gained mutation: You are mostly covered in molten scales.
                  | (AC +3) [demonic ancestry]
  3391 | D:4      | Reached XP level 7. HP: 53/53 MP: 8/8
  3566 | D:4      | Noticed Edmund
  3577 | D:4      | Killed Edmund
  3578 | D:4      | Reached skill level 5 in Long Blades
  3588 | Temple   | Entered the Ecumenical Temple
  3647 | Temple   | Became a worshipper of Qazlal Stormbringer
  3687 | D:4      | Noticed a steam dragon
  3700 | D:4      | Killed a steam dragon
  3868 | D:5      | Entered Level 5 of the Dungeon
  3949 | D:5      | Gained mutation: You are completely covered in molten
                  | scales. (AC +4, rF+) [demonic ancestry]
  3949 | D:5      | Reached XP level 8. HP: 61/61 MP: 9/9
  4017 | D:5      | Found Bicireff's Lightly-Used Armoury.
  4867 | D:6      | Reached skill level 5 in Armour
  4869 | D:6      | Reached * piety under Qazlal
  5042 | D:6      | Reached skill level 5 in Fighting
  5133 | D:6      | Gained mutation: Your hexes are more powerful. [demonic
                  | ancestry]
  5133 | D:6      | Reached XP level 9. HP: 49/68 MP: 10/10
  5226 | D:6      | Found a sparkling altar of Nemelex Xobeh.
  5343 | D:6      | Found an iron altar of Okawaru.
  5422 | D:6      | Found a runed translucent gate.
  5423 | D:6      | Found a runed translucent gate.
  5423 | D:6      | Found a runed translucent gate.
  5424 | D:6      | Noticed Malificent's ghost (novice DsWr)
  5430 | D:6      | Noticed a troll
  5712 | D:6      | Reached ** piety under Qazlal
  6714 | D:8      | Gained mutation: When hurt, damage is shared between your
                  | health and your magic reserves. [demonic ancestry]
  6714 | D:8      | Reached XP level 10. HP: 49/77 MP: 11/11
  6857 | D:8      | Noticed Joseph
  6860 | D:8      | Found a radiant altar of Vehumet.
  6879 | D:8      | Killed Joseph
  7087 | D:8      | Reached *** piety under Qazlal
  8214 | D:9      | Found a staircase to the Orcish Mines.
  8218 | D:9      | Reached **** piety under Qazlal
  8353 | D:9      | Found a shimmering blue altar of Sif Muna.
  8437 | D:10     | Entered Level 10 of the Dungeon
  8450 | D:9      | Reached skill level 10 in Long Blades
  8506 | D:10     | Reached XP level 11. HP: 61/86 MP: 12/12
  8727 | D:10     | Found Poj Raq's Armour Boutique.
  8838 | D:10     | Reached skill level 10 in Armour
  9378 | D:11     | Found a staircase to the Lair.
  9611 | D:11     | Reached ***** piety under Qazlal
  9819 | D:11     | Identified the +1 pair of boots "Ciat" {rC+}
  9879 | D:11     | Found an ornate altar of the Wu Jian Council.
  9912 | D:12     | Noticed a seven-headed hydra
  9916 | D:12     | Noticed Snorg
  9966 | D:12     | Noticed a two-headed ogre
  9966 | D:12     | Noticed a six-headed hydra
 10049 | D:11     | Killed a two-headed ogre
 10109 | D:12     | Noticed a deep elf pyromancer
 10121 | D:11     | Mangled by a very large slime creature

Illustrated notes

Levels and vault maps discovered:
D:1:      dpeg_arrival_fog, layout_basic
D:2:      layout_loops_ring, dreamdust_ecumenical_altar_grove
D:3:      layout_basic, nicolae_ashenzari_skybound, uniq_terence, uniq_natasha
D:4:      layout_cave_pools, minmay_temple_entry_wispy, serial_shops,
          kennysheep_little_box, minmay_misc_feat_alley, uniq_edmund
D:5:      layout_layer_cave, fountainhead, minmay_shop_damaged
D:6:      layout_gridville, old_standard_altar,
          gammafunk_temple_overflow_elements, gammafunk_ghost_split,
          grunt_tough_drop
D:7:      layout_basic
D:8:      layout_basic, nicolae_vehumet_radiance, grunt_ministairs_15,
          uniq_joseph
D:9:      layout_long_grid, kennysheep_mini_moat, david_orc_5
D:10:     layout_rooms, serial_shops,
          nicolae_shop_temple_entry_statues_fountains, hangedman_incinerator
D:11:     layout_roguey, erik_lair_island, nzn_wu_jian_council_hall
D:12:     layout_rooms, hellmonk_guarded_unrand_dark_maul, uniq_josephine,
          uniq_snorg
Temple:   nicolae_temple_elliptical

Skill      XL: |  1  2  3  4  5  6  7  8  9 10 11 |
---------------+----------------------------------+-----
Throwing       | 2 |  2.0
Long Blades    | 3 4 5 7 8 10 11 | 11.4
Dodging        | 3 |  3.0
Armour         | 1 2 3 4 6 8 9 11 | 11.0
Necromancy     | 1 2 |  2.0
Fighting       | 3 4 5 6 7 8 |  8.9
Spellcasting   | 1 |  1.1

Action                   |  1- 3 |  4- 6 |  7- 9 | 10-12 || total
-------------------------+-------+-------+-------+-------++-------
Melee: Long sword        |   102 |   126 |       |       ||   228
       Kick              |    12 |    30 |    52 |   117 ||   211
       Punch             |     1 |       |     1 |     3 ||     5
       Double sword      |       |     8 |   202 |   353 ||   563
Throw: Dart              |       |     7 |     5 |     4 ||    16
       Stone             |       |    26 |       |       ||    26
       Throwing net      |       |     3 |     1 |       ||     4
       Boomerang         |       |       |    12 |    35 ||    47
       Javelin           |       |       |       |     2 ||     2
 Cast: Animate Skeleton  |       |     9 |     6 |     9 ||    24
Invok: Renounce Religion |     1 |       |       |       ||     1
  Use: Scroll            |     4 |     1 |     5 |     4 ||    14
       Potion            |       |       |       |     2 ||     2
 Stab: Sleeping          |     2 |       |     1 |       ||     3
       Distracted        |       |       |     1 |       ||     1
Armor: Leather armour    |    29 |    51 |       |       ||    80
       Steam dragon scal |       |       |    67 |   169 ||   236
       Skin              |       |       |     1 |       ||     1
Dodge: Dodged            |    72 |    98 |    99 |   242 ||   511
       Repelled          |       |       |       |     6 ||     6
Block: Other             |       |       |     4 |    79 ||    83
